Map: Port Aleksander LE

Players

llllllllllll

  • Race: Terran Terran
  • Spawn Location: 11:00

Lambo - Winner!

  • Race: Zerg Zerg
  • League: Grandmaster
  • Spawn Location: 5:00

VOD

Have the link to the VOD?

Description

Time

  • Played on: Feb. 2, 2019, 9:08 a.m.
  • Length: 20:19
Show
View Real Time Build Order
Export as new Build Order

llllllllllll Terran 

Build Orders: Gas First Reaper Expand, Hellion Opening 

Get SALT Encoding   

  12  0:00  SCV  
  13  0:13  SCV  
  14  0:18  Supply Depot  
  14  0:25  SCV  
  15  0:29  Refinery  
  15  0:39  SCV  
  16  0:45  Barracks  
  16  0:51  SCV  
  17  1:03  SCV  
  18  1:15  SCV  
  19  1:32  Reaper, Orbital Command  
  20  1:44  Command Center  
  20  1:55  Factory  
  20  1:59  SCV  
  21  2:06  Barracks Reactor  
  21  2:11  SCV  
  22  2:17  Supply Depot  
  22  2:23  SCV  
  23  2:38  SCV  
  24  2:47  Hellion x2  
  24  2:49  Armory  
  28  2:52  SCV  
  28  2:56  Refinery  
  29  2:58  Orbital Command  
  29  3:04  SCV  
  30  3:08  Hellion  
  30  3:09  Hellion  
  34  3:16  SCV  
  34  3:19  Starport  
  35  3:25  SCV  
  36  3:29  SCV  
  37  3:36  Hellion x2  
  37  3:38  SCV  
  37  3:41  SCV  
  43  3:42  Supply Depot  
  43  3:50  SCV  
  44  4:02  Hellion  
  46  4:03  Viking  
  46  4:04  Hellion  
  46  4:05  SCV, Barracks Tech Lab  
  46  4:07  SCV  
  43  4:24  Hellion  
  43  4:25  SCV, Hellion  
  43  4:28  SCV, Command Center  
  47  4:37  SCV  
  46  4:40  SCV  
  46  4:41  Supply Depot  
  41  4:45  Liberator  
  47  4:46  Hellion x2  
  47  4:49  SCV  
  53  4:52  SCV  
  53  4:53  Stimpack  
  53  5:03  SCV  
  53  5:05  SCV  
  53  5:06  Supply Depot  
  58  5:13  Barracks, Marine  
  59  5:15  SCV, Barracks  
  59  5:16  Factory Reactor  
  59  5:17  SCV  
  61  5:27  SCV  
  62  5:29  SCV  
  62  5:30  Engineering Bay, Refinery  
  62  5:31  Engineering Bay, Refinery, Marine  
  64  5:39  SCV  
  64  5:41  SCV  
  66  5:46  Orbital Command  
  66  5:48  Starport Reactor  
  66  5:49  Marine  
  67  5:51  SCV  
  67  5:53  SCV  
  69  6:03  SCV, Barracks x2  
  70  6:05  SCV  
  70  6:07  Factory Reactor  
  70  6:10  Marine x3  
  74  6:15  Orbital Command  
  74  6:16  SCV  
  74  6:17  Terran Infantry Armor Level 1, Terran Infantry Weapons Level 1, SCV  
  76  6:18  Marine x2  
  78  6:27  Marine  
  78  6:28  SCV  
  78  6:29  SCV, Marine  
  78  6:30  Medivac  
  84  6:33  Supply Depot  
  84  6:36  Supply Depot  
  84  6:38  Supply Depot  
  84  6:39  Marine  
  85  6:54  Marine x3  
  85  6:55  SCV x3, Medivac  
  85  6:56  Barracks Reactor x2  
  85  6:57  Supply Depot, Marine  
  85  6:58  Supply Depot  
  94  7:05  Supply Depot  
  94  7:07  SCV x2, Reaper  
  94  7:08  Widow Mine x2  
  98  7:10  Combat Shield  
  98  7:11  SCV  
  98  7:13  Marine x2  
  98  7:15  Marauder  
  103  7:19  SCV  
  103  7:22  Barracks x2  
  104  7:24  Barracks  
  104  7:28  Marine  
  105  7:32  SCV, Supply Depot  
  105  7:33  Supply Depot, Marine x6  
  105  7:36  SCV x2  
  114  7:42  Medivac x2  
  118  7:46  Marauder  
  118  7:47  Marine x2  
  118  7:50  Marine  
  123  7:53  Supply Depot  
  123  7:55  Marine x2  
  123  7:57  Marine x3  
  128  8:02  Hellbat x2  
  128  8:03  Supply Depot  
  128  8:04  Marine  
  128  8:05  Terran Vehicle And Ship Armor Level 1  
  133  8:07  Marauder, Marine  
  133  8:10  Barracks Tech Lab  
  133  8:11  Barracks Tech Lab, Barracks Reactor  
  137  8:13  Medivac x2, Marine x2  
  137  8:15  Marine  
  137  8:19  Marine  
  146  8:22  Terran Infantry Weapons Level 2, Marine  
  146  8:23  Hellbat x2  
  146  8:25  Marine  
  146  8:26  Terran Infantry Armor Level 2  
  152  8:30  Marine  
  152  8:32  Marauder x2  
  156  8:35  Supply Depot  
  156  8:36  Marine  
  156  8:37  Concussive Shells  
  156  8:38  Supply Depot, Marine  
  156  8:39  Marauder, Marine  
  160  8:43  Medivac x2  
  160  8:47  Marine  
  164  8:53  Marine  
  165  8:56  Marine x4  
  165  8:57  Marauder x2  
  165  9:00  Supply Depot x2  
  165  9:01  Hellbat  
  175  9:03  Hellbat  
  173  9:14  Medivac x2  
  173  9:15  Marine  
  173  9:16  Marauder, Marine  
  181  9:21  Marine x4  
  185  9:30  Marine  
  185  9:31  Marauder  
  188  9:33  Supply Depot  
  188  9:43  Marauder, Marine, Widow Mine x2, Command Center  
  195  9:51  Marauder, Marine x8  
  195  9:52  Marine  
  157  9:53  Marine  
  157  9:59  Liberator  
  143  10:00  Marine  
  143  10:02  Medivac  
  143  10:04  Marine  
  132  10:09  Marine x5  
  132  10:10  Marine  
  132  10:12  Marine x5  
  132  10:14  Unknown x2  
  132  10:18  Marine  
  129  10:22  Marine  
  129  10:27  Marine  
  122  10:29  Marine  
  122  10:30  Marine x8  
  122  10:31  Liberator  
  129  10:36  Marine  
  129  10:39  Terran Infantry Weapons Level 3  
  129  10:40  Marine  
  129  10:42  Liberator  
  133  10:43  Marauder  
  136  10:56  Marine  
  136  10:57  Marauder, Marine x3  
  139  11:03  Planetary Fortress  
  145  11:05  Marine x2  
  145  11:06  Marine  
  145  11:07  Marine  
  149  11:13  Marauder  
  149  11:18  Terran Infantry Armor Level 3  
  151  11:19  Marauder, Marine  
  151  11:20  Marine x2  
  151  11:24  Marauder, Unknown  
  158  11:26  Marine x5  
  158  11:27  Marine  
  158  11:30  Marine  
  165  11:33  Liberator x2  
  165  11:37  Marine x2  
  165  11:38  Marauder, Marine  
  170  11:41  Hellbat x2  
  171  11:47  Marine x2  
  171  11:51  Marauder, Marine x6  
  187  11:55  Marine  
  190  12:01  Marauder  
  190  12:02  Marine  
  190  12:04  Command Center  
  189  12:09  Marauder  
  189  12:11  Marine x2  
  189  12:12  Marine  
  189  12:13  Marauder  
  191  12:25  Marauder  
  193  12:31  Marauder  
  193  12:33  Medivac x2  
  180  12:39  Marauder, Marine  
  180  12:42  Marine x9  
  171  12:46  Marauder  
  157  12:52  Marine  
  157  12:57  Marine  
  146  12:59  Marine  
  146  13:00  Marauder  
  146  13:01  Widow Mine  
  146  13:02  Marine x8  
  146  13:03  Medivac x2, Unknown x3  
  163  13:07  Marine  
  154  13:14  Marauder  
  154  13:15  Marine  
  154  13:17  Marine  
  154  13:19  Marine  
  157  13:20  Marine x4  
  157  13:21  Marine  
  157  13:22  Marauder, Marine x2, Refinery  
  157  13:23  Command Center  
  157  13:25  Marine  
  166  13:32  Marine  
  166  13:33  Medivac x2  
  167  13:35  Marine x2  
  167  13:37  Marine  
  167  13:38  Marine x4, Widow Mine x2  
  167  13:39  Marine x2  
  167  13:40  Marine  
  181  13:43  Marauder x2  
  185  13:50  Marine  
  185  13:53  Marine x2  
  185  13:55  Marine x3  
  188  13:56  Marine  
  188  13:57  Supply Depot  
  188  13:59  Widow Mine  
  188  14:00  Widow Mine  
  195  14:03  Medivac x2  
  195  14:05  Marauder  
  195  14:09  Marine  
  179  14:10  Marauder, Marine  
  179  14:12  Unknown x2  
  179  14:15  Marine  
  182  14:17  Marine  
  182  14:21  Marauder, Widow Mine  
  182  14:23  Marine  
  180  14:33  Medivac x2  
  184  14:44  Marauder, Marine x4  
  190  14:52  Widow Mine x2  
  191  14:59  Marauder, Marine x2  
  195  15:02  Supply Depot  
  195  15:03  Medivac x2  
  195  15:04  Unknown  
  199  15:08  Marine  
  199  15:13  Supply Depot  
  199  15:16  Marine  
  199  15:21  Marine  
  129  15:36  Marine x2  
  129  15:37  Marauder, Marine x3  
  129  15:38  Marine  
  137  15:47  Orbital Command  
  114  15:59  Marauder, Medivac, Marine  
  79  16:06  Marine  
  79  16:08  Marine  
  74  16:19  Marine  
  74  16:25  Marauder  
  77  16:29  Marine  
  77  16:30  Marine x3  
  81  16:40  Marine  
  81  16:41  Marine x3  
  81  16:46  Orbital Command  
  85  16:47  Marine  
  85  16:50  Marauder, Marine  
  89  16:54  Marine x2, Liberator x2  
  89  16:58  Marine  
  92  17:01  Marine  
  92  17:03  Marine  
  92  17:05  Marine  
  92  17:06  Marine  
  94  17:10  Marine  
  94  17:11  Marauder  
  94  17:12  Marine, Widow Mine  
  94  17:13  Widow Mine  
  107  17:20  Marine x3  
  107  17:21  Marine  
  111  17:27  Marine  
  111  17:28  Marine  
  113  17:31  Supply Depot  
  113  17:32  Supply Depot  
  113  17:37  Liberator x2  
  113  17:42  Marauder, Marine  
  116  17:45  Marine  
  116  17:46  Marine x2  
  116  17:48  Widow Mine  
  121  17:52  Widow Mine  
  132  18:01  Marine  
  132  18:02  Marine x4  
  134  18:10  Marauder, Marine x3  
  138  18:19  Marine x2, Widow Mine x2  
  123  18:20  Marine  
  123  18:24  Marine  
  123  18:25  Marine  
  127  18:28  Marine  
  127  18:31  Marine, Liberator  
  127  18:32  Marauder  
  131  18:39  Marine  
  132  18:41  Marine x3  
  132  18:42  Marine x2  
  132  18:47  Marine  
  141  18:49  Marine  
  141  18:53  Marauder  
  144  19:01  Marine  
  144  19:02  Marine x5  
  150  19:11  Marine x2, Liberator  
  150  19:13  SCV x2  
  150  19:14  Marauder  
  156  19:18  Unknown x4  
  156  19:21  Marine  
  156  19:22  Marine x5  
  162  19:28  Marine  
  166  19:39  SCV x3, Command Center  
  172  19:47  Marauder  
  174  19:54  Marine x5  
  174  19:55  Marine x3  
Show
View Real Time Build Order
Export as new Build Order

Lambo Zerg - Winner!

Build Orders: Hatch First 

Get SALT Encoding   

  12  0:00  Drone  
  13  0:13  Overlord  
  13  0:18  Drone  
  14  0:32  Drone x2  
  16  0:50  Hatchery  
  16  0:52  Drone  
  16  0:56  Drone  
  17  0:59  Drone  
  18  1:10  Extractor  
  17  1:15  Spawning Pool  
  17  1:18  Drone  
  17  1:21  Drone  
  18  1:29  Drone  
  19  1:41  Drone  
  20  1:56  Overlord  
  20  2:02  Queen x2  
  20  2:04  Zergling x4  
  26  2:11  Metabolic Boost  
  26  2:13  Drone  
  26  2:14  Drone  
  28  2:24  Drone x2  
  30  2:41  Hatchery  
  29  2:51  Drone, Pneumatized Carapace  
  30  2:52  Drone  
  30  2:56  Overlord  
  31  3:07  Drone x4  
  35  3:13  Drone  
  35  3:17  Drone x3  
  39  3:20  Overlord  
  39  3:25  Queen  
  41  3:31  Drone  
  41  3:33  Drone  
  43  3:38  Queen  
  45  3:43  Drone  
  45  3:48  Zergling x8  
  53  3:55  Zergling x4  
  53  3:56  Zergling x2  
  53  4:01  Zergling x4  
  55  4:04  Queen  
  55  4:05  Zergling x2  
  51  4:26  Baneling Nest  
  51  4:27  Drone  
  50  4:31  Overlord  
  50  4:32  Drone  
  50  4:35  Drone, Hatchery  
  50  4:36  Overlord  
  51  4:41  Overlord  
  51  4:42  Overlord  
  51  4:47  Extractor, Lair, Overlord  
  51  4:48  Extractor, Overlord  
  51  4:52  Drone x2  
  51  4:56  Drone x2  
  53  5:02  Drone x3  
  57  5:07  Drone x2  
  58  5:16  Drone x3  
  58  5:18  Drone  
  62  5:25  Overlord  
  62  5:28  Drone  
  62  5:29  Drone x2  
  62  5:30  Zergling x2  
  62  5:32  Baneling x3  
  66  5:37  Drone  
  66  5:41  Extractor, Drone x2  
  68  5:45  Spore Crawler  
  68  5:47  Evolution Chamber  
  68  5:48  Evolution Chamber, Drone x4, Queen  
  71  5:52  Drone  
  71  5:53  Centrifical Hooks  
  71  5:56  Drone x2  
  74  5:59  Drone  
  74  6:00  Drone  
  74  6:03  Drone x2  
  78  6:06  Drone  
  78  6:10  Overseer  
  78  6:11  Drone  
  80  6:15  Extractor  
  80  6:16  Zerg Missile Weapons Level 1, Zerg Melee Weapons Level 1  
  80  6:17  Extractor  
  78  6:18  Hydralisk Den  
  78  6:22  Drone  
  78  6:23  Drone x3  
  78  6:24  Drone x2  
  83  6:29  Overlord  
  83  6:32  Overlord  
  83  6:33  Overlord  
  83  6:37  Overlord  
  83  6:43  Zergling x10  
  85  6:51  Drone x2  
  85  7:05  Grooved Spines  
  85  7:14  Hydralisk x8  
  101  7:17  Drone x3  
  104  7:25  Hatchery  
  103  7:31  Hydralisk x4  
  103  7:36  Infestation Pit  
  110  7:41  Hydralisk  
  110  7:42  Hydralisk x3  
  118  7:49  Drone x8  
  126  7:54  Drone  
  127  8:01  Zergling x4  
  129  8:11  Overlord x2  
  129  8:14  Overlord  
  129  8:16  Overlord  
  129  8:26  Hive  
  129  8:27  Overlord  
  129  8:29  Overlord  
  129  8:37  Drone x5  
  129  8:38  Zerg Melee Weapons Level 2  
  129  8:39  Zerg Ground Armor Level 1  
  134  8:46  Drone x3  
  134  8:47  Zergling x12  
  142  8:49  Baneling x2, Overseer  
  142  8:50  Overlord  
  142  9:02  Zergling x16  
  150  9:09  Zergling x10  
  152  9:15  Muscular Augments  
  152  9:20  Zergling x14  
  159  9:26  Zergling x4  
  159  9:29  Zergling x6  
  164  9:31  Baneling x10, Overseer  
  164  9:32  Baneling x10  
  164  9:33  Zergling x6  
  167  9:41  Baneling x7  
  167  9:44  Overlord  
  157  9:49  Zergling x18  
  136  9:59  Zergling x18  
  128  10:01  Zergling x2  
  120  10:07  Zergling x2  
  120  10:10  Hydralisk x3  
  114  10:16  Hydralisk x3  
  114  10:19  Hydralisk x3  
  116  10:22  Hydralisk  
  114  10:34  Hydralisk x7  
  125  10:40  Zergling x4  
  125  10:42  Zerg Ground Armor Level 2  
  127  10:43  Zergling x2  
  127  10:44  Baneling x2, Overseer  
  127  10:46  Ultralisk Cavern, Zergling x2  
  127  10:47  Overseer  
  128  10:50  Zergling x4  
  128  10:51  Zergling x6  
  128  10:54  Zerg Missile Weapons Level 2  
  128  10:56  Zergling x2  
  134  10:57  Adrenal Glands  
  134  11:01  Zergling x6  
  134  11:03  Baneling x6  
  137  11:07  Extractor  
  137  11:08  Zergling x12  
  137  11:10  Baneling x6, Hatchery  
  141  11:12  Zergling x6  
  141  11:16  Zergling x4  
  146  11:21  Zergling x6  
  146  11:24  Queen  
  151  11:30  Zergling x2  
  151  11:32  Baneling x2  
  152  11:36  Overlord  
  152  11:38  Overlord  
  143  11:41  Chitinous Plating  
  143  11:43  Baneling x11  
  143  11:45  Zergling x16  
  143  11:46  Overlord x2  
  143  11:47  Overseer  
  151  11:55  Overlord  
  151  11:58  Zergling x12  
  155  12:01  Zergling x6  
  155  12:05  Ultralisk x2  
  155  12:06  Zergling x2  
  155  12:07  Zergling x6  
  174  12:11  Zergling x4  
  174  12:13  Baneling x8  
  176  12:15  Zergling x4  
  176  12:23  Zergling x10  
  176  12:28  Ultralisk  
  183  12:31  Zergling x10  
  183  12:32  Baneling x2  
  183  12:36  Zergling x8  
  185  12:39  Zergling x4  
  185  12:40  Zergling x4  
  174  12:44  Zergling x2  
  174  12:46  Zergling x2  
  174  12:51  Zergling x6  
  166  12:58  Zergling x8  
  166  13:00  Anabolic Synthesis  
  166  13:01  Baneling x14, Zergling x6  
  169  13:06  Zergling x10  
  169  13:09  Zergling x6  
  165  13:13  Zergling x4  
  165  13:19  Zergling x12  
  170  13:23  Zergling x2  
  171  13:30  Zerg Ground Armor Level 3, Zerg Melee Weapons Level 3  
  171  13:31  Zergling x8  
  163  13:35  Overseer  
  163  13:36  Baneling x5  
  163  13:38  Baneling x3  
  163  13:40  Zergling x6  
  166  13:46  Zergling x12  
  170  13:56  Baneling x3  
  170  13:57  Zergling x8  
  168  14:03  Zergling x12  
  168  14:08  Zergling x14  
  161  14:12  Zergling x2  
  161  14:13  Zergling x6  
  161  14:14  Baneling  
  161  14:15  Baneling x13  
  164  14:17  Zergling x6  
  164  14:18  Baneling x3  
  164  14:21  Zergling x4  
  149  14:33  Ultralisk  
  149  14:35  Baneling x6  
  153  14:40  Zergling x12  
  156  14:50  Ultralisk  
  157  15:01  Zergling x10  
  157  15:06  Hatchery  
  160  15:08  Baneling x10  
  160  15:10  Zergling x8  
  163  15:16  Zergling x10  
  166  15:21  Zergling x2  
  166  15:22  Zergling x2  
  156  15:30  Zergling x8  
  156  15:35  Zergling x4  
  135  15:38  Baneling x16  
  135  15:40  Zergling x4  
  135  15:42  Baneling  
  124  15:44  Zergling x6  
  124  15:47  Zergling x4  
  106  15:59  Zergling x10  
  106  16:04  Zergling x2  
  90  16:11  Ultralisk  
  90  16:18  Baneling  
  96  16:20  Ultralisk  
  102  16:26  Baneling x6  
  102  16:27  Zergling x4  
  104  16:34  Drone x5  
  108  16:42  Drone x3  
  108  16:46  Viper x2  
  117  16:48  Baneling x2  
  117  16:53  Zergling x6  
  117  16:54  Zergling x10  
  125  16:57  Drone  
  121  17:10  Ultralisk  
  124  17:16  Drone x3  
  124  17:17  Zergling x24  
  124  17:18  Baneling x2  
  124  17:19  Baneling  
  139  17:24  Overlord  
  139  17:29  Baneling x2  
  139  17:33  Ultralisk  
  139  17:36  Zergling x14  
  143  17:49  Hatchery  
  142  17:51  Ultralisk  
  142  17:55  Drone x3, Extractor x2  
  148  18:19  Hydralisk x2  
  147  18:20  Hydralisk x3  
  157  18:31  Drone x6  
  163  18:41  Overlord  
  163  18:43  Baneling x8, Hatchery  
  162  18:54  Overlord x2  
  161  19:06  Overlord  
  161  19:07  Overlord x2  
  161  19:14  Ultralisk  
  167  19:19  Hydralisk x4  
  167  19:23  Extractor, Drone  
  167  19:24  Drone x2, Queen, Spore Crawler  
  177  19:25  Queen  
  180  19:31  Ultralisk  
  180  19:33  Zergling x10  
  191  19:44  Baneling x9  
  191  19:47  Zergling x12  
  191  19:52  Drone  
Tags
 
Add a new tag
Caveats
  • Supply blocks, unpowered buildings, or Contaminate may cause inaccurate times.
  • Supply counts are checked every 10 seconds.